 Dungeon Crawl Stone Soup version 0.28.0-53-g5a82cb258f (webtiles) character file.

Game seed: 14506166557802593740

165 styxcanada the Covert (level 5, -1/26 HPs)
             Began as a Spriggan Brigand on July 20, 2022.
             Killed by divine providence
             ... invoked by an orc priest
              (14 damage)
             ... on level 3 of the Dungeon.
             The game lasted 00:09:49 (3173 turns).

styxcanada the Covert (Spriggan Brigand)            Turns: 3173, Time: 00:09:50

Health: -1/26      AC:  3    Str:  7    XL:     5   Next: 21%
Magic:  6/6        EV: 18    Int: 12    God:
Gold:   58         SH:  0    Dex: 19    Spells: 4/4 levels left

rFire   . . .      SeeInvis +   a - +2 dagger
rCold   . . .      Faith    .   (no shield)
rNeg    . . .      Spirit   .   b - +0 robe
rPois   .          Reflect  .   (helmet restricted)
rElec   .          Harm     .   c - +0 cloak
rCorr   .          Rampage  .   (gloves unavailable)
Will    .....                   (boots unavailable)
Stlth   ++++......              (no amulet)
HPRegen 0.08/turn               (no ring)
MPRegen 0.10/turn               (no ring)

@: very quick
A: very small, no large weapons, unfitting armour, see invisible, speed 3
a: no special abilities


You were on level 3 of the Dungeon.
You visited 1 branch of the dungeon, and saw 3 of its levels.

You collected 86 gold pieces.
You spent 28 gold pieces at shops.

Inventory:

Hand Weapons
 a - a +2 dagger (weapon)
 k - a +0 hunting sling
Missiles
 e - 2 curare-tipped darts (quivered)
 h - 85 stones
Armour
 b - a +0 robe (worn)
 c - a +0 cloak (worn)
Scrolls
 g - 2 scrolls of identify {unknown}
 i - a scroll of magic mapping {unknown}
 j - 2 scrolls of fear {unknown}
 l - a scroll of immolation {unknown}
 n - a scroll of blinking {unknown}
Potions
 f - a potion of brilliance {unknown}
 m - a potion of haste {unknown}


   Skills:
 * Level 2.0 Fighting
 + Level 3.2 Short Blades
 + Level 2.4 Throwing
 * Level 3.0 Dodging
 * Level 8.1 Stealth


You had 4 spell levels left.
You didn't know any spells.
Your spell library was empty.

Dungeon Overview and Level Annotations

Branches:
Dungeon (3/15)

Altars:

Shops:
D:1 (   D:2 *


Innate Abilities, Weirdness & Mutations

You are very small and have problems with some larger weapons.
You are too small for most types of armour.
You have supernaturally acute eyesight. (SInv)
You cover ground extremely quickly. (Speed+++)


Message History

You kill the orc!
Things that are here:
a +0 club; a +0 leather armour; an orc corpse You hit the orc priest but do no damage.
The orc priest misses you.
You closely miss the orc priest. The orc priest misses you.
You barely miss the orc priest.
You hit the orc priest but do no damage.
The orc priest misses you.
You barely miss the orc priest.
The orc priest hits you but does no damage.
You closely miss the orc priest.
The orc priest hits you with a +0 dagger.
You hit the orc priest.
The orc priest is lightly wounded.
The orc priest hits you with a +0 dagger.
A worm comes into view.
You hit the orc priest but do no damage.
The orc priest is lightly wounded.
The orc priest misses you.
You hit the orc priest.
The orc priest is lightly wounded.
You hit the orc priest but do no damage.
The orc priest is lightly wounded.
The orc priest hits you but does no damage.
You hit the orc priest.
The orc priest is moderately wounded.
The orc priest misses you.
You hit the orc priest.
The orc priest is moderately wounded.
The orc priest closely misses you.
You hit the orc priest but do no damage.
The orc priest is moderately wounded.
The orc priest completely misses you.
You hit the orc priest.
The orc priest is heavily wounded.
The orc priest invokes the aid of Beogh against you.
Beogh smites you!
Ouch! That really hurt!
You die...

#....# #.... #....# #....
#####...# # #... ##..###..## .
#..###....###..##### #o#
#..##.)....##o.....# #.#
#..w...............#
..##########......(..##.......###
>.............).@o....+..........
########.)......###.......###
#........# #.......###
######....#####.....# .
#..............## ..
..............รท.. ..)
##........<.....## .###
....#####.....## .# # #...[.##


You could see a worm and an orc priest.

Vanquished Creatures
  2 orc wizards (D:3)
  5 adders
  A worm (D:2)
  3 dart slugs
  6 orcs
  4 endoplasms
  A giant cockroach (D:3)
  2 goblins
  3 hobgoblins
  9 jackals
  2 quokkas
  3 ball pythons (D:1)
  7 bats
  4 frilled lizards
  3 kobolds
  5 rats
60 creatures vanquished.

Notes
Turn   | Place    | Note
-------+----------+-------------------------------------------
     0 | D:1      | styxcanada the Spriggan Brigand began the quest for the
                  | Orb.
     0 | D:1      | Reached XP level 1. HP: 10/10 MP: 2/2
    39 | D:1      | Found a faded altar of an unknown god.
    64 | D:1      | Reached skill level 6 in Stealth
   169 | D:1      | Reached XP level 2. HP: 10/14 MP: 3/3
   994 | D:1      | Found Taoxigyj's Weapon Shoppe.
   997 | D:1      | Bought 5 poisoned darts for 28 gold pieces
  1317 | D:2      | Reached skill level 7 in Stealth
  1317 | D:2      | Reached XP level 3. HP: 14/18 MP: 4/4
  1779 | D:2      | Found Tesy's Assorted Antiques.
  2096 | D:2      | Reached XP level 4. HP: 23/23 MP: 5/5
  2951 | D:3      | Reached XP level 5. HP: 24/26 MP: 6/6
  3121 | D:3      | Reached skill level 8 in Stealth
  3173 | D:3      | Killed from afar by an orc priest

Illustrated notes

Levels and vault maps discovered:
D:1:      nicolae_arrival_memento_mori, layout_basic,
          hellmonk_ecumenical_altar_dog_temple, serial_shops,
          nicolae_shop_behind_doors
D:2:      layout_rooms, serial_shops, shop_statue, kennysheep_generic_room_10
D:3:      layout_basic, minivault_19, minmay_misc_feat_plants, uniq_grinder

Skill      XL: |  1  2  3  4  5 |
---------------+----------------+-----
Stealth        | 6 7 8 |  8.1
Dodging        | 2 3 |  3.0
Short Blades   | 3 |  3.2
Fighting       | 2 |  2.0
Throwing       | |  2.4

Action                   |  1- 3 |  4- 6 || total
-------------------------+-------+-------++-------
Melee: Dagger            |   153 |    47 ||   200
       Punch             |     1 |     1 ||     2
Throw: Dart              |    11 |    40 ||    51
 Stab: Sleeping          |    10 |     4 ||    14
Armor: Robe              |    26 |     7 ||    33
Dodge: Dodged            |   123 |    22 ||   145
